 Dungeon Crawl Stone Soup version 0.31-a0-1098-g6898e6545c (webtiles) character file.

Game seed: 13683570702294101915

109 HessuHobo the Covered (level 5, -1/22 HPs)
             Began as a Meteoran Fighter on Sept 29, 2023.
             Slain by an iguana (2 damage)
             ... on level 5 of the Dungeon on Nov 30, 2023.
             The game lasted 00:06:53 (2101 turns).

HessuHobo the Covered (Meteoran Fighter)            Turns: 2101, Time: 00:06:54

Health: -1/22      AC: 10    Str: 20    XL:     5   Next: 36%
Magic:  6/6        EV:  7    Int:  9    God:
Gold:   101        SH:  5    Dex: 13    Spells: 4/4 levels left

rFire   . . .        a - +1 war axe
rCold   + . .        c - +0 buckler
rNeg    . . .        h - +1 chain mail {rC+}
rPois   .            (no helmet)
rElec   .            (no cloak)
rCorr   .            (no gloves)
SInv    .            (no boots)
Will    .....        (no amulet) Stlth
                     i - ring of flight
HPRegen 0.23/turn    (no ring)
MPRegen 0.10/turn

%: no passive effects
@: mighty, flying, glowing
A: sense surroundings 1, otherworldly, glowing, explore regen
a: no special abilities


You were on level 5 of the Dungeon.
You visited 1 branch of the dungeon, and saw 4 of its levels.

You collected 101 gold pieces.

Inventory:

Hand Weapons
 a - a +1 war axe (weapon)
Armour
 b - a +0 scale mail
 c - a +0 buckler (worn)
 h - a +1 chain mail of cold resistance (worn)
Jewellery
 i - a ring of flight (left hand)
Talismans
 f - a maw talisman
Wands
 m - a wand of quicksilver (2)
Scrolls
 e - 2 scrolls of enchant weapon
 k - 2 scrolls of immolation
 n - a scroll of poison
 q - a scroll of revelation {unknown}
 r - a scroll of amnesia {unknown}
Potions
 g - 2 potions of enlightenment
 l - 2 potions of curing {unknown}
 o - a potion of berserk rage {unknown}
 p - 2 potions of attraction {unknown}


   Skills:
 + Level 4.1 Fighting
 + Level 3.5 Axes
 + Level 4.1 Armour
 + Level 4.0 Shields


You had 4 spell levels left.
You didn't know any spells.
Your spell library contained the following spells:

 Spells                   Type           Power      Damage    Failure   Level
 Lesser Beckoning         Tloc           0%         N/A       99%         2
 Gell's Gravitas          Tloc           0%         N/A       100%        3
 Teleport Other           Tloc           0%         N/A       100%        3


Dungeon Overview and Level Annotations

Branches:
Dungeon (5/15) Zot: 822
 Temple: D:4-7

Altars:

Shops:
D:2 (


Innate Abilities, Weirdness & Mutations

You passively map a small area around you.
You are easily found by Zot.
You glow in the dark.
You regain HP and MP as you explore.


Message History

You hit the iguana. The iguana bites you! The iguana barely misses you.
The iguana bites you but does no damage.
The iguana bites you.
* * * LOW HITPOINT WARNING * * *
You are too injured to fight recklessly!
You are too injured to fight recklessly!
You are too injured to fight recklessly!
You feel much better. The iguana barely misses you.
The iguana bites you but does no damage.
You closely miss the iguana.
The iguana is moderately wounded.
The iguana barely misses you.
You hit the iguana.
The iguana is heavily wounded.
You block the iguana's attack.
You barely miss the iguana.
The iguana is heavily wounded.
You block the iguana's attack. x2; The iguana completely misses you.
The iguana barely misses you. The iguana bites you.
Found a dagger.
You hit the iguana but do no damage.
The iguana is heavily wounded.
You hit the iguana. The iguana bites you! You block the iguana's attack.
The iguana attacks as it pursues you! The iguana bites you!
* * * LOW HITPOINT WARNING * * *
You feel very mighty all of a sudden. You block the iguana's attack.
You closely miss the iguana.
The iguana is heavily wounded.
You hit the iguana.
The iguana bites you but does no damage. x2
The iguana barely misses you.
You closely miss the iguana.
The iguana is severely wounded.
You hit the iguana. The iguana bites you.
* * * LOW HITPOINT WARNING * * *
The iguana hisses menacingly.
The iguana bites you but does no damage.
The iguana bites you.
You die...

######.#.# , ,
#........## , *
#.####.#..##.# *
########.##..........
,
.........##†#.##.##..
.######.##..!..#.##..
,* #.......>...... *
####ll#....##.. ~_
#.@##...# ~~ * #..#
...... , **,
#..#*#..##.. , #..#
..# . #... ,... , * ,
**#... ,.... , , * >
).#.* , , * * ## .# *
* *, , , ,


You could see 2 iguanas.

Vanquished Creatures
  Natasha (D:3)
  An adder (D:2)
  A worm (D:2)
  A dart slug (D:2)
  5 orcs (D:3)
  5 ball pythons
  5 bats
  4 endoplasms
  A giant cockroach (D:3)
  6 goblins
  8 hobgoblins
  7 jackals (D:1)
  4 quokkas
  4 frilled lizards
  4 kobolds
  3 rats
60 creatures vanquished.

Notes
Turn   | Place    | Note
-------+----------+-------------------------------------------
     0 | D:1      | HessuHobo the Meteoran Fighter began the quest for the Orb.
     0 | D:1      | Reached XP level 1. HP: 19/19 MP: 2/2
    56 | D:1      | Reached XP level 2. HP: 23/26 MP: 3/3
   242 | D:1      | Reached XP level 3. HP: 31/31 MP: 4/4
   475 | D:1      | Glimpsed the power of Zot.
   523 | D:1      | Glimpsed the power of Zot.
   561 | D:1      | Glimpsed the power of Zot.
   570 | D:1      | Touched by the power of Zot (MHP 33 -> 25)
   671 | D:1      | Glimpsed the power of Zot.
   721 | D:1      | Glimpsed the power of Zot.
   761 | D:1      | Glimpsed the power of Zot.
   770 | D:1      | Touched by the power of Zot (MHP 24 -> 17)
   916 | D:2      | Reached XP level 4. HP: 23/24 MP: 5/5
   951 | D:2      | Found Qiukiuci's Weapon Shop.
  1369 | D:2      | Upgraded the game from 0.31-a0-844-gdc52ec4e09 to
                  | 0.31-a0-1098-g6898e6545c
  1437 | D:2      | Glimpsed the power of Zot.
  1487 | D:2      | Glimpsed the power of Zot.
  1527 | D:2      | Glimpsed the power of Zot.
  1536 | D:2      | Touched by the power of Zot (MHP 24 -> 17)
  1747 | D:3      | Reached XP level 5. HP: 21/22 MP: 6/6
  1869 | D:3      | Noticed Natasha
  1874 | D:3      | Killed Natasha
  2069 | D:3      | You are sucked into a shaft and drop 2 floors!
  2069 | D:5      | Entered Level 5 of the Dungeon
  2086 | D:5      | HP: 1/22 [iguana (6)]
  2101 | D:5      | HP: 1/22 [iguana (5)]
  2101 | D:5      | Slain by an iguana

Illustrated notes

Levels and vault maps discovered:
D:1:      minmay_arrival_wavy_path, layout_basic
D:2:      layout_basic, serial_shops, nicolae_shop_tiny_statue_garden,
          minmay_misc_feat_more_columns
D:3:      layout_basic, mainiacjoe_overflow_alcove_2, dk_noncrumbling_4,
          uniq_natasha
D:5:      layout_loops_ring, kennysheep_slug_shrine, uniq_edmund

Skill      XL: |  1  2  3  4  5 |
---------------+----------------+-----
Axes           | 3 |  3.5
Fighting       | 4 |  4.1
Armour         | 4 |  4.1
Shields        | 4 |  4.0

Action                     |  1- 3 |  4- 6 || total
---------------------------+-------+-------++-------
  Melee: War axe           |    91 |   111 ||   202
    Use: Potion            |     2 |     2 ||     4
         Scroll            |       |     5 ||     5
 Armour: Scale mail        |    62 |    64 ||   126
         Chain mail        |       |    37 ||    37
  Dodge: Dodged            |    52 |    58 ||   110
  Block: Buckler           |    25 |    39 ||    64

Table legend: (Time is in decaauts)
 A = Elapsed time spent in this place.
 B = Non-inter-level travel time spent in this place.
 C = Inter-level travel time spent in this place.
 D = Time resting spent in this place.
 E = Time spent auto-exploring this place.
 F = Levels seen in this place.
 G = Mean time per level.
                   A        B        C        D        E       F      G
               +--------+--------+--------+--------+--------+-----+--------+
         Total |   2176 |   2103 |     73 |     82 |   1508 |   4 |  544.0 |
       Dungeon |   2176 |   2103 |     73 |     82 |   1508 |   4 |  544.0 |
               +--------+--------+--------+--------+--------+-----+--------+

Top non-repeatable levels by time:
     D:2: 819 daAuts
     D:1: 800 daAuts
     D:3: 521 daAuts
     D:5: 35 daAuts
